AoeStats
← Goths Girl

Fortress

507815074Analyzed
2v2 RM · 11d ago on Sep 19, 2026· 58m 29s· 4 players
Game mode
Random Map
Map size
Normal (6 player)
Population
200
Speed
Normal
Resources
Standard
Victory
Conquest
Starting age
Dark Age
Ending age
Imperial Age
RankedLock teamsTeams togetherTeam positionsShared explorationLock speedFull tech treeHidden civsTurbo modeCheats
Victory
Defeat
🇪🇸 Wei · Spain
968
+15
🇪🇸 Byzantines · Spain
968
+15
🇩🇪 Goths · Germany
961
-15
🇩🇪 Magyars · Germany
947
-15
Goths Girl
0:26 Loom
8:04 Feudal Age
9:02 Double-Bit Axe
8:59 Horse Collar
13:47 Wheelbarrow
16:47 Castle Age
15:05 Forging
16:05 Scale Mail Armor
16:45 Fletching
16:58 Elite Skirmisher
17:43 Pikeman
18:23 Squires
18:58 Gold Mining
21:18 Iron Casting
24:53 Heavy Plow
25:06 Anarchy
26:10 Town Watch
29:53 Chain Mail Armor
36:17 Imperial Age
35:32 Bodkin Arrow
36:21 Halberdier
41:05 Elite Huskarl
44:48 Blast Furnace
44:52 Perfusion
45:14 Conscription
46:16 Bow Saw
check out my butt
0:50 Loom
9:56 Feudal Age
11:33 Wheelbarrow
11:17 Double-Bit Axe
15:19 Bloodlines
18:30 Castle Age
18:57 Scale Barding Armor
18:54 Scale Mail Armor
19:43 Bow Saw
20:15 Light Cavalry
20:56 Husbandry
23:13 Stone Mining
24:03 Corvinian Army
25:04 Horse Collar
27:17 Hand Cart
34:17 Imperial Age
35:49 Elite Magyar Huszar
35:57 Elite Magyar Huszar
38:16 Heavy Cavalry Archer
39:22 Parthian Tactics
53:19 Town Watch
54:32 Cavalier
57:29 Paladin
pestrac
8:02 Feudal Age
6:17 Loom
8:45 Double-Bit Axe
15:40 Castle Age
13:26 Horse Collar
14:00 Fletching
15:38 Forging
16:06 Crossbowman
16:50 Padded Archer Armor
20:30 Squires
24:02 Wheelbarrow
24:14 Elite Skirmisher
25:54 Husbandry
27:20 Iron Casting
26:51 Scale Barding Armor
31:55 Imperial Age
30:50 Thumb Ring
30:51 Scale Mail Armor
31:07 Leather Archer Armor
31:18 Ballistics
31:50 Arson
33:47 Hoardings
34:19 Bow Saw
34:03 Gold Mining
36:04 Chemistry
34:56 Heavy Camel Rider
36:10 Arbalester
41:18 Two-Man Saw
40:19 Heavy Plow
40:55 Gold Shaft Mining
40:11 Stone Mining
40:17 Bodkin Arrow
40:38 Chain Mail Armor
41:19 Ring Archer Armor
42:42 Logistica
42:41 Bracer
43:12 Plate Mail Armor
42:11 Capped Ram
44:44 Elite Cataphract
48:14 Hand Cart
48:32 Crop Rotation
48:38 Stone Shaft Mining
48:25 Chain Barding Armor
48:02 Murder Holes
48:17 Fortified Wall
50:29 Siege Ram
53:14 Plate Barding Armor
53:42 Pikeman
53:44 Light Cavalry
jonysp
0:28 Loom
7:52 Feudal Age
8:24 Double-Bit Axe
8:22 Horse Collar
10:51 Wheelbarrow
10:15 Gold Mining
12:11 Stone Mining
17:13 Castle Age
15:43 Scale Barding Armor
16:41 Forging
18:16 Bow Saw
18:45 Iron Casting
18:17 Heavy Plow
18:34 Bloodlines
19:52 Tuntian
22:42 Hand Cart
23:56 Fletching
25:17 Husbandry
26:07 Bodkin Arrow
26:33 Chain Barding Armor
30:24 Imperial Age
28:29 Town Watch
28:49 Padded Archer Armor
29:45 Thumb Ring
32:15 Blast Furnace
31:16 Bracer
32:33 Parthian Tactics
33:51 Ming Guang Armor
34:00 Conscription
38:20 Elite Tiger Cavalry
41:18 Town Patrol
41:49 Ballistics
42:30 Chemistry
49:16 Heavy Scorpion
Connection lost

Rejoining the realm…

Still unreachable

The connection could not be restored.

Session expired

The server has moved on; the page needs a fresh start.